[ AOE2 MATCH · #481587640 ]
UnrankedSpanish vs Hindustanis
[ REPLAY ANALYSIS · EXTRACTED FROM THE RECORDED GAME ]
Feudal
13:15
Castle
26:21
Imperial
42:21
| APM avg | 24.4 |
| APM peak | 63 |
| eAPM avg | 14.9 |
| Villagers / military | 118 / 602 |
Focus
⚔️ 30.7% · 🌾 69.3%
Scout Cavalry ×242 · Knight ×200 · Spearman ×123 · Mangonel ×32 · Trade Cart ×25 · Scorpion ×5
Feudal
11:17
Castle
15:37
Imperial
31:45
| APM avg | 29.6 |
| APM peak | 106 |
| eAPM avg | 21.4 |
| Villagers / military | 161 / 494 |
Focus
⚔️ 36.1% · 🌾 63.9%
Camel Scout ×139 · Hand Cannoneer ×124 · Scout Cavalry ×100 · Trade Cart ×80 · Bombard Cannon ×53 · Skirmisher ×50
Feudal
12:35
Castle
17:46
Imperial
31:46
| APM avg | 43.7 |
| APM peak | 80 |
| eAPM avg | 27.4 |
| Villagers / military | 182 / 38 |
Focus
⚔️ 34.0% · 🌾 66.0%
Unknown (2586) ×478 · Unknown (2550) ×216 · Unknown (2562) ×102 · Trade Cart ×73 · Spearman ×27 · Battering Ram ×6
Feudal
11:56
Castle
15:42
Imperial
29:35
| APM avg | 24.0 |
| APM peak | 54 |
| eAPM avg | 14.9 |
| Villagers / military | 99 / 385 |
Focus
⚔️ 26.7% · 🌾 73.3%
Spearman ×328 · Bombard Cannon ×57
Feudal
11:31
Castle
15:42
Imperial
30:29
| APM avg | 37.0 |
| APM peak | 115 |
| eAPM avg | 21.9 |
| Villagers / military | 140 / 232 |
Focus
⚔️ 28.8% · 🌾 71.2%
Mangonel ×118 · Mangudai ×73 · Scout Cavalry ×39 · Trade Cart ×25 · Trebuchet (Packed) ×2
Feudal
10:07
Castle
13:48
Imperial
31:47
| APM avg | 27.5 |
| APM peak | 125 |
| eAPM avg | 18.7 |
| Villagers / military | 219 / 500 |
Focus
⚔️ 26.8% · 🌾 73.2%
Scout Cavalry ×183 · Knight ×157 · Cavalry Archer ×151 · Trade Cart ×65 · Bombard Cannon ×5 · Monk ×4
Feudal
11:10
Castle
15:13
Imperial
33:17
| APM avg | 47.7 |
| APM peak | 106 |
| eAPM avg | 27.5 |
| Villagers / military | 191 / 596 |
Focus
⚔️ 24.8% · 🌾 75.2%
Monaspa ×518 · Trade Cart ×71 · Scorpion ×70 · Monk ×5 · Spearman ×3
Feudal
11:06
Castle
14:41
Imperial
30:20
| APM avg | 35.2 |
| APM peak | 104 |
| eAPM avg | 20.9 |
| Villagers / military | 188 / 527 |
Focus
⚔️ 37.0% · 🌾 63.0%
Mameluke ×199 · Camel Scout ×126 · Trade Cart ×94 · Scout Cavalry ×83 · Cavalry Archer ×70 · Trebuchet (Packed) ×23
Match map
Initial resources + every placement click. Lines = walls · curves = elevation contours. ◆ gold · ⬟ stone · ● berries · ✦ relic · ◌ wall gap
Your base· ✓ Closed at 26:21 · 0t walls · no gate
魏武王曹操's base· ✓ Closed at 15:37 · 0t walls · no gate
dandan's base· ✓ Closed at 17:46 · 51t walls · 3 gate(s)
晨曦j's base· ✓ Closed at 15:42 · 59t walls · 2 gate(s)
yake0213's base· ✓ Closed at 15:42 · 0t walls · no gate
toshitoshi0622's base· ✓ Closed at 13:48 · 0t walls · no gate
FtXccC's base· ✓ Closed at 15:13 · 0t walls · no gate
J.Motamid's base· ✓ Closed at 14:41 · 0t walls · no gate
Smoothed initial terrain · ◌ = detected wall gap · hover for details
Inputs per minute
— UHU_junkie - - 魏武王曹操
Build order — UHU_junkie
First 150 of 500 actions detected
| 0:06 | Build | House |
| 0:07 | Build | House |
| 0:08 | Build | House |
| 0:09 | Build | House |
| 0:11 | Build | House |
| 0:12 | Build | House |
| 0:17 | Research | Loom |
| 0:18 | Create | Villager (Male) |
| 0:18 | Create | Villager (Male) |
| 0:18 | Create | Villager (Male) |
| 0:19 | Create | Villager (Male) |
| 0:19 | Create | Villager (Male) |
| 0:19 | Create | Villager (Male) |
| 1:52 | Create | Villager (Male) |
| 1:52 | Create | Villager (Male) |
| 1:52 | Create | Villager (Male) |
| 2:35 | Create | Villager (Male) |
| 2:35 | Create | Villager (Male) |
| 3:30 | Create | Villager (Male) |
| 3:31 | Create | Villager (Male) |
| 3:31 | Create | Villager (Male) |
| 3:31 | Create | Villager (Male) |
| 4:31 | Create | Villager (Male) |
| 4:31 | Create | Villager (Male) |
| 4:31 | Create | Villager (Male) |
| 4:54 | Create | Villager (Male) |
| 4:55 | Create | Villager (Male) |
| 4:55 | Create | Villager (Male) |
| 5:04 | Build | Lumber Camp |
| 5:41 | Create | Villager (Male) |
| 5:41 | Create | Villager (Male) |
| 5:41 | Create | Villager (Male) |
| 5:53 | Build | Mill |
| 6:45 | Create | Villager (Male) |
| 6:45 | Create | Villager (Male) |
| 7:31 | Create | Villager (Male) |
| 7:31 | Create | Villager (Male) |
| 7:31 | Create | Villager (Male) |
| 7:31 | Create | Villager (Male) |
| 8:27 | Create | Villager (Male) |
| 8:28 | Create | Villager (Male) |
| 9:17 | Create | Villager (Male) |
| 9:18 | Create | Villager (Male) |
| 11:05 | Research | Feudal Age |
| 11:59 | Build | Barracks |
| 13:15 | Age | Feudal Age |
| 13:38 | Build | Market |
| 13:40 | Build | Market |
| 13:59 | Build | Blacksmith |
| 14:09 | Build | Stable |
| 14:26 | Build | House |
| 14:28 | Build | House |
| 14:29 | Build | House |
| 14:30 | Build | House |
| 14:31 | Build | House |
| 15:02 | Create | Villager (Male) |
| 15:02 | Create | Villager (Male) |
| 15:03 | Create | Villager (Male) |
| 15:03 | Create | Villager (Male) |
| 15:08 | Create | Scout Cavalry |
| 15:08 | Create | Scout Cavalry |
| 15:08 | Create | Scout Cavalry |
| 15:11 | Create | Scout Cavalry |
| 15:32 | Create | Trade Cart |
| 15:40 | Research | Double-Bit Axe |
| 15:44 | Research | Horse Collar |
| 15:53 | Build | Mining Camp |
| 16:00 | Research | Wheelbarrow |
| 16:06 | Create | Villager (Male) |
| 16:06 | Create | Villager (Male) |
| 16:06 | Create | Villager (Male) |
| 16:21 | Research | Forging |
| 16:44 | Create | Trade Cart |
| 16:50 | Build | Farm |
| 16:51 | Build | Farm |
| 16:53 | Build | Farm |
| 16:55 | Build | Farm |
| 16:56 | Build | Farm |
| 16:58 | Build | Farm |
| 17:01 | Build | Farm |
| 17:07 | Build | Farm |
| 17:12 | Build | Farm |
| 17:13 | Build | Farm |
| 17:19 | Research | Scale Barding Armor |
| 17:39 | Build | Farm |
| 17:41 | Build | Farm |
| 19:08 | Build | Mining Camp |
| 19:19 | Build | Farm |
| 19:21 | Build | Farm |
| 20:25 | Build | House |
| 20:27 | Build | House |
| 20:37 | Build | House |
| 20:39 | Build | House |
| 20:39 | Build | House |
| 20:41 | Build | House |
| 20:46 | Create | Villager (Male) |
| 20:47 | Create | Villager (Male) |
| 20:52 | Build | Farm |
| 20:53 | Build | Farm |
| 20:54 | Build | Farm |
| 20:57 | Create | Villager (Male) |
| 20:58 | Create | Villager (Male) |
| 21:01 | Research | Bloodlines |
| 21:03 | Create | Scout Cavalry |
| 21:04 | Create | Scout Cavalry |
| 21:04 | Create | Scout Cavalry |
| 21:04 | Create | Scout Cavalry |
| 21:06 | Create | Scout Cavalry |
| 21:21 | Create | Trade Cart |
| 21:24 | Create | Trade Cart |
| 22:19 | Build | House |
| 22:20 | Build | House |
| 22:22 | Build | House |
| 22:26 | Build | House |
| 22:29 | Build | House |
| 22:30 | Build | House |
| 22:32 | Build | House |
| 22:36 | Build | House |
| 22:49 | Create | Villager (Male) |
| 23:22 | Build | Stable |
| 23:27 | Build | Stable |
| 23:41 | Research | Castle Age |
| 23:45 | Create | Trade Cart |
| 23:45 | Create | Trade Cart |
| 23:55 | Create | Trade Cart |
| 26:21 | Age | Castle Age |
| 26:48 | Create | Villager (Male) |
| 26:48 | Create | Villager (Male) |
| 26:48 | Create | Villager (Male) |
| 26:54 | Research | Hand Cart |
| 26:58 | Research | Heavy Plow |
| 27:03 | Research | Bow Saw |
| 27:11 | Build | House |
| 27:12 | Build | House |
| 27:13 | Build | House |
| 27:14 | Build | House |
| 27:16 | Build | House |
| 27:25 | Build | Castle |
| 27:29 | Create | Villager (Male) |
| 27:30 | Create | Villager (Male) |
| 27:30 | Create | Villager (Male) |
| 27:30 | Create | Villager (Male) |
| 27:30 | Create | Villager (Male) |
| 27:53 | Build | Town Center |
| 28:01 | Research | Chain Barding Armor |
| 28:02 | Research | Iron Casting |
| 28:04 | Research | Light Cavalry (upgrade) |
| 28:26 | Research | Stone Mining |
| 28:30 | Research | Gold Mining |
| 28:57 | Build | House |
Build order — 魏武王曹操
First 150 of 417 actions detected
| 0:02 | Create | Villager (Male) |
| 0:04 | Build | House |
| 0:09 | Create | Villager (Male) ×3 |
| 0:17 | Build | House |
| 0:18 | Build | House |
| 0:19 | Build | House |
| 0:22 | Research | Loom |
| 1:17 | Create | Villager (Male) |
| 1:36 | Build | Lumber Camp |
| 2:03 | Create | Villager (Male) ×2 |
| 3:05 | Create | Villager (Male) |
| 3:30 | Create | Villager (Male) ×2 |
| 3:37 | Create | Villager (Male) |
| 4:34 | Create | Villager (Male) |
| 5:03 | Create | Villager (Male) ×2 |
| 5:03 | Create | Villager (Male) ×2 |
| 5:26 | Create | Villager (Male) |
| 5:49 | Build | House |
| 5:55 | Create | Villager (Male) |
| 6:37 | Build | Mill |
| 6:39 | Create | Villager (Male) ×5 |
| 7:55 | Build | Mining Camp |
| 8:51 | Create | Villager (Male) |
| 9:02 | Research | Feudal Age |
| 9:22 | Create | Villager (Male) |
| 9:23 | Create | Villager (Male) |
| 9:23 | Create | Villager (Male) |
| 9:54 | Build | Barracks |
| 11:17 | Age | Feudal Age |
| 11:27 | Build | Archery Range |
| 11:41 | Build | Blacksmith |
| 12:23 | Create | Villager (Male) |
| 12:35 | Research | Double-Bit Axe |
| 12:53 | Research | Castle Age |
| 13:03 | Build | Mining Camp |
| 13:23 | Create | Spearman |
| 13:42 | Build | House |
| 14:03 | Build | House |
| 14:16 | Create | Villager (Male) |
| 15:16 | Research | Stone Mining |
| 15:16 | Research | Stone Mining |
| 15:37 | Age | Castle Age |
| 15:40 | Build | Town Center |
| 15:42 | Create | Villager (Male) |
| 15:49 | Build | Town Center |
| 16:07 | Build | Farm |
| 16:18 | Build | House |
| 16:21 | Create | Villager (Male) |
| 16:23 | Build | Farm |
| 16:24 | Build | Farm |
| 16:35 | Create | Villager (Male) |
| 16:41 | Create | Villager (Male) |
| 16:56 | Build | Farm |
| 17:04 | Build | Farm |
| 17:05 | Build | Farm |
| 17:06 | Build | Farm |
| 17:08 | Build | Farm |
| 17:10 | Create | Villager (Male) |
| 17:13 | Build | House |
| 17:36 | Build | Farm |
| 17:44 | Build | Farm |
| 17:45 | Build | Farm |
| 17:46 | Build | Farm |
| 17:55 | Create | Villager (Male) |
| 18:08 | Create | Spearman |
| 18:42 | Create | Villager (Male) ×2 |
| 18:55 | Create | Villager (Male) ×2 |
| 18:57 | Build | Farm |
| 19:08 | Create | Villager (Male) |
| 19:18 | Build | Town Center |
| 19:43 | Create | Villager (Male) ×3 |
| 19:46 | Build | Farm |
| 19:47 | Build | Farm |
| 20:03 | Create | Villager (Male) ×3 |
| 20:06 | Build | Farm |
| 20:13 | Build | Farm |
| 20:17 | Create | Villager (Male) |
| 20:20 | Build | House |
| 20:20 | Build | House |
| 20:22 | Build | House |
| 20:31 | Create | Villager (Male) ×2 |
| 20:35 | Build | Farm |
| 20:35 | Build | Farm |
| 20:44 | Build | Farm |
| 20:49 | Create | Villager (Male) ×2 |
| 21:07 | Build | Farm |
| 21:08 | Build | Farm |
| 21:10 | Build | Farm |
| 21:12 | Create | Villager (Male) ×3 |
| 21:13 | Create | Villager (Male) ×3 |
| 21:16 | Build | Farm |
| 21:19 | Build | Farm |
| 21:20 | Build | Farm |
| 21:22 | Create | Villager (Male) ×2 |
| 21:22 | Create | Villager (Male) ×2 |
| 21:36 | Create | Villager (Male) ×2 |
| 21:45 | Build | Market |
| 21:50 | Create | Villager (Male) ×2 |
| 21:50 | Create | Villager (Male) ×2 |
| 22:02 | Create | Villager (Male) ×3 |
| 22:14 | Build | House |
| 22:16 | Build | House |
| 22:18 | Build | House |
| 22:19 | Build | House |
| 22:20 | Build | House |
| 22:22 | Create | Villager (Male) ×3 |
| 22:26 | Build | Farm |
| 22:28 | Build | Farm |
| 22:34 | Build | Farm |
| 22:35 | Build | Farm |
| 22:38 | Create | Villager (Male) ×3 |
| 23:13 | Create | Villager (Male) ×5 |
| 23:21 | Build | Market |
| 23:29 | Build | University |
| 23:40 | Create | Villager (Male) ×5 |
| 23:48 | Build | Farm |
| 23:51 | Build | Farm |
| 23:54 | Create | Villager (Male) ×5 |
| 24:03 | Build | Farm |
| 24:06 | Build | Farm |
| 24:07 | Build | Farm |
| 24:30 | Create | Villager (Male) ×5 |
| 24:35 | Create | Trade Cart ×5 |
| 24:57 | Build | House |
| 24:57 | Build | House |
| 24:59 | Build | House |
| 25:00 | Build | House |
| 25:27 | Create | Villager (Male) ×5 |
| 25:43 | Build | Castle |
| 25:51 | Create | Villager (Male) ×5 |
| 25:53 | Research | Wheelbarrow |
| 26:27 | Build | House |
| 26:28 | Build | House |
| 26:31 | Build | House |
| 26:32 | Build | House |
| 26:48 | Build | Farm |
| 26:51 | Create | Villager (Male) ×5 |
| 27:00 | Create | Trade Cart ×5 |
| 27:06 | Build | House |
| 27:07 | Build | House |
| 27:09 | Build | House |
| 27:21 | Research | Caravan |
| 27:22 | Research | Caravan |
| 27:58 | Create | Villager (Male) ×5 |
| 28:02 | Build | Farm |
| 28:07 | Research | Hand Cart |
| 28:07 | Research | Hand Cart |
| 28:13 | Research | Gold Mining |
| 28:13 | Research | Gold Mining |
| 28:32 | Build | Siege Workshop |
Build order — dandan
First 150 of 739 actions detected
| 0:01 | Create | Villager (Male) |
| 0:02 | Build | House |
| 0:03 | Build | House |
| 0:08 | Create | Villager (Male) |
| 0:09 | Create | Villager (Male) |
| 0:09 | Create | Villager (Male) |
| 0:09 | Create | Villager (Male) |
| 1:28 | Create | Villager (Male) |
| 1:54 | Build | Settlement |
| 2:04 | Research | Loom |
| 2:04 | Research | Loom |
| 2:05 | Create | Villager (Male) |
| 2:25 | Create | Villager (Male) |
| 2:35 | Build | Palisade Wall |
| 2:37 | Build | Palisade Wall |
| 2:41 | Build | Palisade Wall |
| 2:42 | Build | Palisade Wall |
| 3:02 | Create | Villager (Male) |
| 3:25 | Create | Villager (Male) |
| 3:25 | Create | Villager (Male) |
| 3:42 | Build | Palisade Gate |
| 3:45 | Build | Palisade Wall |
| 3:50 | Build | Palisade Wall |
| 3:55 | Create | Villager (Male) |
| 3:55 | Create | Villager (Male) |
| 4:11 | Build | Palisade Wall |
| 4:39 | Create | Villager (Male) |
| 4:39 | Create | Villager (Male) |
| 4:41 | Create | Villager (Male) |
| 4:41 | Create | Villager (Male) |
| 5:30 | Create | Villager (Male) |
| 5:31 | Create | Villager (Male) |
| 5:47 | Create | Villager (Male) |
| 5:48 | Create | Villager (Male) |
| 6:19 | Build | Settlement |
| 6:25 | Create | Villager (Male) |
| 6:26 | Create | Villager (Male) |
| 6:33 | Build | House |
| 7:16 | Build | Settlement |
| 7:17 | Create | Villager (Male) |
| 7:18 | Create | Villager (Male) |
| 7:41 | Create | Villager (Male) |
| 8:03 | Create | Villager (Male) |
| 8:39 | Create | Villager (Male) |
| 8:40 | Create | Villager (Male) |
| 9:11 | Create | Villager (Male) |
| 9:21 | Create | Villager (Male) |
| 10:25 | Research | Feudal Age |
| 10:26 | Research | Feudal Age |
| 10:26 | Research | Feudal Age |
| 10:31 | Build | Settlement |
| 11:35 | Build | Farm |
| 11:35 | Build | Farm |
| 11:38 | Build | Farm |
| 11:43 | Build | Farm |
| 11:45 | Build | Farm |
| 12:06 | Build | Farm |
| 12:09 | Create | Villager (Male) |
| 12:09 | Create | Villager (Male) |
| 12:35 | Age | Feudal Age |
| 12:45 | Build | Blacksmith |
| 12:58 | Build | Market |
| 13:02 | Create | Villager (Male) |
| 13:33 | Create | Villager (Male) |
| 13:35 | Research | Horse Collar |
| 13:48 | Research | Double-Bit Axe |
| 13:54 | Create | Villager (Male) |
| 14:01 | Build | House |
| 14:02 | Build | House |
| 14:06 | Build | House |
| 14:13 | Build | House |
| 14:15 | Build | House |
| 14:42 | Build | Stone Wall |
| 14:43 | Build | Stone Wall |
| 14:44 | Build | Stone Wall |
| 14:53 | Build | Gate |
| 14:56 | Build | Gate |
| 14:58 | Build | Stone Wall |
| 14:59 | Build | Stone Wall |
| 15:02 | Build | Stone Wall |
| 15:06 | Research | Castle Age |
| 15:06 | Research | Castle Age |
| 15:06 | Research | Castle Age |
| 15:14 | Research | Gold Mining |
| 15:15 | Research | Gold Mining |
| 15:34 | Build | Gate |
| 16:04 | Research | Stone Mining |
| 16:04 | Research | Stone Mining |
| 16:08 | Build | House |
| 16:09 | Build | House |
| 16:12 | Build | House |
| 16:14 | Build | House |
| 16:14 | Build | House |
| 17:46 | Age | Castle Age |
| 17:46 | Create | Villager (Male) |
| 17:46 | Create | Villager (Male) |
| 17:52 | Build | Town Center |
| 18:06 | Build | Town Center |
| 18:13 | Research | Heavy Plow |
| 18:16 | Research | Bow Saw |
| 18:16 | Research | Bow Saw |
| 18:16 | Research | Bow Saw |
| 18:29 | Create | Villager (Male) |
| 18:30 | Create | Villager (Male) |
| 18:57 | Build | Town Center |
| 19:08 | Build | House |
| 19:09 | Build | House |
| 19:11 | Build | House |
| 19:12 | Build | House |
| 19:13 | Build | House |
| 19:16 | Create | Villager (Male) |
| 19:41 | Build | Monastery |
| 19:48 | Create | Villager (Male) |
| 19:48 | Create | Villager (Male) |
| 19:51 | Create | Villager (Male) |
| 19:54 | Create | Villager (Male) |
| 19:54 | Create | Villager (Male) |
| 20:01 | Build | Farm |
| 20:14 | Create | Villager (Male) |
| 20:15 | Create | Villager (Male) |
| 20:18 | Build | Farm |
| 20:30 | Create | Villager (Male) |
| 20:42 | Build | Farm |
| 21:02 | Create | Monk |
| 21:04 | Create | Villager (Male) |
| 21:04 | Create | Villager (Male) |
| 21:07 | Build | Farm |
| 21:08 | Create | Villager (Male) |
| 21:11 | Build | Farm |
| 21:18 | Build | Farm |
| 21:18 | Build | Farm |
| 21:19 | Build | Farm |
| 21:20 | Build | Farm |
| 21:33 | Build | Farm |
| 21:36 | Build | Farm |
| 21:38 | Create | Villager (Male) |
| 21:40 | Create | Villager (Male) |
| 21:45 | Build | Farm |
| 21:52 | Build | Farm |
| 21:52 | Build | Farm |
| 21:58 | Build | Farm |
| 22:05 | Create | Monk |
| 22:08 | Create | Villager (Male) |
| 22:08 | Create | Villager (Male) |
| 22:08 | Create | Villager (Male) |
| 22:11 | Build | House |
| 22:12 | Build | House |
| 22:12 | Build | House |
| 22:13 | Build | House |
| 22:22 | Create | Villager (Male) |
Build order — 晨曦j
First 150 of 396 actions detected
| 0:02 | Create | Villager (Male) |
| 0:03 | Create | Villager (Male) |
| 0:03 | Create | Villager (Male) |
| 0:03 | Create | Villager (Male) |
| 0:04 | Build | House |
| 0:07 | Build | House |
| 1:43 | Create | Villager (Male) |
| 1:43 | Create | Villager (Male) |
| 1:49 | Build | Lumber Camp |
| 1:50 | Research | Loom |
| 2:29 | Create | Villager (Male) |
| 2:29 | Create | Villager (Male) |
| 2:29 | Create | Villager (Male) |
| 3:11 | Create | Villager (Male) |
| 3:20 | Build | House |
| 3:29 | Create | Villager (Male) |
| 3:29 | Create | Villager (Male) |
| 3:46 | Create | Villager (Male) |
| 4:21 | Build | Palisade Wall |
| 4:53 | Create | Villager (Male) |
| 4:54 | Create | Villager (Male) |
| 4:54 | Create | Villager (Male) |
| 5:16 | Create | Villager (Male) |
| 5:27 | Build | Mill |
| 6:13 | Build | House |
| 6:21 | Create | Villager (Male) |
| 6:21 | Create | Villager (Male) |
| 6:21 | Create | Villager (Male) |
| 6:21 | Create | Villager (Male) |
| 7:15 | Build | Mill |
| 7:56 | Create | Villager (Male) |
| 8:09 | Create | Villager (Male) |
| 8:26 | Build | Palisade Wall |
| 8:30 | Build | Palisade Gate |
| 8:39 | Create | Villager (Male) |
| 8:44 | Build | Mining Camp |
| 9:01 | Create | Villager (Male) |
| 9:46 | Research | Feudal Age |
| 9:50 | Build | House |
| 11:24 | Build | Farm |
| 11:56 | Age | Feudal Age |
| 11:58 | Build | Market |
| 12:01 | Build | Blacksmith |
| 12:03 | Create | Villager (Male) |
| 12:10 | Create | Villager (Male) |
| 12:18 | Build | Stone Wall |
| 12:22 | Build | Gate |
| 12:49 | Build | Farm |
| 13:02 | Research | Castle Age |
| 13:13 | Research | Double-Bit Axe |
| 13:13 | Research | Double-Bit Axe |
| 13:16 | Build | Farm |
| 13:17 | Build | Farm |
| 13:30 | Build | House |
| 13:32 | Build | House |
| 14:44 | Build | Farm |
| 14:46 | Research | Horse Collar |
| 14:50 | Build | House |
| 14:50 | Build | House |
| 15:33 | Build | Farm |
| 15:38 | Create | Villager (Male) |
| 15:38 | Create | Villager (Male) |
| 15:42 | Age | Castle Age |
| 15:51 | Build | Town Center |
| 16:06 | Research | Bow Saw |
| 16:06 | Research | Bow Saw |
| 16:13 | Build | Farm |
| 16:20 | Build | House |
| 16:21 | Build | House |
| 16:29 | Create | Villager (Male) |
| 16:58 | Build | House |
| 17:01 | Build | Farm |
| 17:03 | Create | Villager (Male) |
| 17:11 | Build | Mining Camp |
| 17:17 | Create | Villager (Male) |
| 17:18 | Create | Villager (Male) |
| 17:22 | Create | Villager (Male) |
| 17:31 | Build | Farm |
| 17:32 | Build | Farm |
| 17:44 | Build | Farm |
| 17:46 | Create | Villager (Male) |
| 17:48 | Create | Villager (Male) |
| 17:51 | Build | House |
| 17:52 | Build | House |
| 18:00 | Build | Farm |
| 18:06 | Build | Farm |
| 18:15 | Create | Villager (Male) |
| 18:16 | Create | Villager (Male) |
| 18:46 | Create | Villager (Male) |
| 18:47 | Create | Villager (Male) |
| 18:48 | Create | Villager (Male) |
| 18:52 | Build | Farm |
| 18:54 | Build | Farm |
| 18:57 | Build | House |
| 18:57 | Build | House |
| 18:58 | Build | House |
| 19:01 | Create | Villager (Male) |
| 19:02 | Create | Villager (Male) |
| 19:10 | Build | Farm |
| 19:10 | Build | Farm |
| 19:15 | Build | Farm |
| 19:16 | Build | Farm |
| 19:23 | Build | Farm |
| 19:30 | Create | Villager (Male) |
| 19:43 | Research | Heavy Plow |
| 19:58 | Build | Farm |
| 20:01 | Create | Villager (Male) |
| 20:01 | Create | Villager (Male) |
| 20:19 | Build | Farm |
| 20:25 | Build | Farm |
| 20:31 | Build | Farm |
| 20:33 | Build | Farm |
| 20:39 | Build | Farm |
| 20:42 | Create | Villager (Male) |
| 20:43 | Create | Villager (Male) |
| 20:48 | Build | House |
| 20:49 | Build | House |
| 21:10 | Research | Gold Mining |
| 21:17 | Create | Villager (Male) |
| 21:17 | Create | Villager (Male) |
| 21:26 | Build | Farm |
| 21:34 | Build | Farm |
| 21:36 | Create | Villager (Male) |
| 21:36 | Create | Villager (Male) |
| 21:41 | Build | House |
| 21:42 | Build | House |
| 21:45 | Research | Stone Mining |
| 22:02 | Create | Villager (Male) |
| 22:02 | Create | Villager (Male) |
| 22:16 | Build | University |
| 22:19 | Create | Villager (Male) |
| 22:20 | Create | Villager (Male) |
| 22:29 | Build | Mining Camp |
| 22:35 | Build | Mining Camp |
| 22:45 | Create | Villager (Male) |
| 22:45 | Create | Villager (Male) |
| 22:53 | Build | House |
| 22:54 | Build | House |
| 23:04 | Research | Stone Shaft Mining |
| 23:23 | Create | Villager (Male) |
| 23:23 | Create | Villager (Male) |
| 23:24 | Create | Villager (Male) |
| 23:28 | Build | Blacksmith |
| 23:32 | Build | Monastery |
| 23:45 | Create | Villager (Male) |
| 23:47 | Create | Villager (Male) |
| 24:09 | Create | Villager (Male) |
| 24:11 | Create | Villager (Male) |
| 24:17 | Build | House |
| 24:19 | Build | House |
Build order — yake0213
First 150 of 406 actions detected
| 0:07 | Create | Villager (Male) ×4 |
| 0:16 | Build | House |
| 0:17 | Build | House |
| 0:56 | Build | Lumber Camp |
| 1:51 | Create | Villager (Male) |
| 1:51 | Create | Villager (Male) |
| 2:25 | Create | Villager (Male) |
| 2:25 | Create | Villager (Male) |
| 2:59 | Create | Villager (Male) |
| 3:00 | Create | Villager (Male) |
| 3:00 | Create | Villager (Male) |
| 3:56 | Create | Villager (Male) |
| 3:56 | Create | Villager (Male) |
| 3:57 | Create | Villager (Male) |
| 4:03 | Build | House |
| 4:04 | Build | House |
| 4:32 | Create | Villager (Male) |
| 4:32 | Create | Villager (Male) |
| 4:32 | Create | Villager (Male) |
| 4:33 | Create | Villager (Male) |
| 5:30 | Create | Villager (Male) |
| 5:30 | Create | Villager (Male) |
| 5:30 | Create | Villager (Male) |
| 6:51 | Create | Villager (Male) |
| 6:57 | Build | Mill |
| 7:33 | Create | Villager (Male) |
| 7:59 | Create | Villager (Male) |
| 8:00 | Create | Villager (Male) |
| 8:07 | Build | Mining Camp |
| 8:17 | Build | Mining Camp |
| 8:48 | Create | Villager (Male) |
| 9:08 | Research | Feudal Age |
| 9:32 | Build | House |
| 9:33 | Build | House |
| 11:06 | Create | Villager (Male) |
| 11:06 | Create | Villager (Male) |
| 11:07 | Create | Villager (Male) |
| 11:31 | Age | Feudal Age |
| 11:40 | Build | Blacksmith |
| 11:46 | Build | Market |
| 12:01 | Build | House |
| 12:02 | Build | House |
| 13:02 | Research | Castle Age |
| 13:19 | Research | Double-Bit Axe |
| 13:22 | Research | Horse Collar |
| 15:24 | Create | Villager (Male) |
| 15:25 | Create | Villager (Male) |
| 15:25 | Create | Villager (Male) |
| 15:33 | Build | House |
| 15:34 | Build | House |
| 15:35 | Build | House |
| 15:42 | Age | Castle Age |
| 15:45 | Research | Heavy Plow |
| 15:55 | Build | Farm |
| 15:55 | Build | Farm |
| 16:05 | Research | Bow Saw |
| 16:19 | Build | House |
| 16:23 | Build | Farm |
| 16:24 | Build | Farm |
| 16:28 | Build | Farm |
| 16:40 | Build | Farm |
| 16:42 | Build | Farm |
| 16:43 | Build | Farm |
| 16:53 | Build | Farm |
| 17:27 | Build | Town Center |
| 17:32 | Create | Villager (Male) |
| 17:32 | Create | Villager (Male) |
| 17:39 | Build | Farm |
| 17:41 | Build | Farm |
| 17:43 | Build | Farm |
| 17:45 | Create | Villager (Male) |
| 18:10 | Build | Farm |
| 18:11 | Build | Farm |
| 18:12 | Build | Farm |
| 18:14 | Create | Villager (Male) |
| 18:28 | Create | Villager (Male) |
| 18:28 | Create | Villager (Male) |
| 18:43 | Build | Farm |
| 18:44 | Build | Farm |
| 18:47 | Create | Villager (Male) |
| 18:51 | Build | Farm |
| 19:00 | Build | Farm |
| 19:02 | Create | Villager (Male) |
| 19:13 | Create | Villager (Male) |
| 19:13 | Create | Villager (Male) |
| 19:17 | Build | Farm |
| 19:19 | Create | Villager (Male) |
| 19:36 | Create | Villager (Male) |
| 19:41 | Build | Farm |
| 19:43 | Build | Farm |
| 19:48 | Create | Villager (Male) |
| 19:52 | Build | Farm |
| 19:56 | Create | Villager (Male) |
| 19:58 | Create | Villager (Male) |
| 19:58 | Create | Villager (Male) |
| 20:25 | Create | Villager (Male) |
| 20:50 | Build | Town Center |
| 20:53 | Create | Villager (Male) |
| 21:00 | Create | Villager (Male) |
| 21:05 | Build | House |
| 21:05 | Build | House |
| 21:06 | Build | House |
| 21:06 | Build | House |
| 21:06 | Build | House |
| 21:07 | Build | House |
| 21:07 | Build | House |
| 21:07 | Build | House |
| 21:07 | Build | House |
| 21:07 | Build | House |
| 21:08 | Build | House |
| 21:08 | Build | House |
| 21:08 | Build | House |
| 21:11 | Create | Villager (Male) |
| 21:12 | Create | Villager (Male) |
| 21:28 | Research | Stone Mining |
| 21:38 | Create | Villager (Male) |
| 21:50 | Research | Wheelbarrow |
| 22:08 | Create | Villager (Male) |
| 22:10 | Create | Villager (Male) |
| 22:10 | Create | Villager (Male) |
| 22:18 | Research | Gold Mining |
| 22:24 | Build | House |
| 22:25 | Build | House |
| 22:25 | Build | House |
| 22:26 | Build | House |
| 22:28 | Build | House |
| 22:33 | Create | Villager (Male) |
| 22:33 | Create | Villager (Male) |
| 22:42 | Create | Villager (Male) |
| 22:49 | Create | Villager (Male) |
| 23:11 | Build | Town Center |
| 23:15 | Create | Villager (Male) |
| 23:15 | Create | Villager (Male) |
| 23:18 | Create | Villager (Male) |
| 23:24 | Create | Villager (Male) |
| 23:35 | Create | Villager (Male) |
| 23:38 | Create | Villager (Male) |
| 23:54 | Create | Villager (Male) |
| 23:58 | Build | Farm |
| 23:59 | Build | Farm |
| 24:01 | Build | Farm |
| 24:02 | Build | Farm |
| 24:04 | Build | Farm |
| 24:16 | Create | Villager (Male) |
| 24:16 | Create | Villager (Male) |
| 24:21 | Create | Villager (Male) |
| 24:23 | Create | Villager (Male) |
| 24:47 | Build | Castle |
| 24:55 | Build | Town Center |
| 24:57 | Create | Villager (Male) |
Build order — toshitoshi0622
First 150 of 627 actions detected
| 0:02 | Create | Villager (Male) |
| 0:02 | Create | Villager (Male) |
| 0:03 | Build | House |
| 0:05 | Build | House |
| 0:24 | Create | Villager (Male) |
| 0:25 | Create | Villager (Male) |
| 0:25 | Create | Villager (Male) |
| 0:25 | Create | Villager (Male) |
| 1:36 | Create | Villager (Male) |
| 1:56 | Create | Villager (Male) |
| 1:56 | Create | Villager (Male) |
| 2:38 | Build | Lumber Camp |
| 2:51 | Create | Villager (Male) |
| 2:51 | Create | Villager (Male) |
| 2:51 | Create | Villager (Male) |
| 3:55 | Build | House |
| 3:56 | Build | House |
| 4:33 | Create | Villager (Male) |
| 4:34 | Create | Villager (Male) |
| 4:43 | Create | Villager (Male) |
| 4:43 | Create | Villager (Male) |
| 5:04 | Create | Villager (Male) |
| 5:04 | Create | Villager (Male) |
| 5:21 | Create | Villager (Male) |
| 5:21 | Create | Villager (Male) |
| 5:33 | Create | Villager (Male) |
| 5:33 | Create | Villager (Male) |
| 6:05 | Build | Mill |
| 7:24 | Research | Feudal Age |
| 7:38 | Build | Mining Camp |
| 8:11 | Create | Villager (Male) |
| 8:11 | Create | Villager (Male) |
| 10:07 | Age | Feudal Age |
| 10:09 | Build | Market |
| 10:24 | Build | Blacksmith |
| 11:08 | Research | Castle Age |
| 11:38 | Research | Double-Bit Axe |
| 11:54 | Research | Horse Collar |
| 12:20 | Build | House |
| 13:20 | Create | Villager (Male) |
| 13:48 | Age | Castle Age |
| 13:48 | Research | Bow Saw |
| 14:00 | Build | Monastery |
| 14:11 | Build | Farm |
| 14:11 | Build | Farm |
| 14:11 | Build | Farm |
| 14:12 | Build | Farm |
| 14:12 | Build | Farm |
| 14:12 | Build | Farm |
| 14:13 | Build | Farm |
| 14:14 | Create | Villager (Male) |
| 14:14 | Create | Villager (Male) |
| 14:15 | Create | Villager (Male) |
| 14:38 | Create | Monk |
| 14:45 | Build | Mining Camp |
| 15:14 | Create | Villager (Male) |
| 15:24 | Build | Town Center |
| 15:38 | Build | Farm |
| 15:42 | Create | Monk |
| 15:42 | Create | Monk |
| 15:58 | Build | House |
| 16:13 | Build | Farm |
| 16:17 | Create | Villager (Male) |
| 16:28 | Build | Farm |
| 16:33 | Build | Farm |
| 16:35 | Build | Farm |
| 16:38 | Build | Farm |
| 16:40 | Create | Villager (Male) |
| 16:40 | Create | Villager (Male) |
| 16:44 | Create | Villager (Male) |
| 17:14 | Create | Villager (Male) |
| 17:15 | Create | Villager (Male) |
| 17:38 | Create | Villager (Male) |
| 17:38 | Create | Villager (Male) |
| 17:51 | Build | Town Center |
| 17:58 | Research | Wheelbarrow |
| 17:59 | Create | Villager (Male) |
| 17:59 | Create | Villager (Male) |
| 18:05 | Build | House |
| 18:06 | Build | House |
| 18:08 | Build | House |
| 18:32 | Create | Villager (Male) |
| 18:32 | Create | Villager (Male) |
| 18:46 | Create | Villager (Male) |
| 18:47 | Create | Villager (Male) |
| 18:47 | Create | Villager (Male) |
| 18:57 | Build | Mill |
| 19:00 | Build | Farm |
| 19:00 | Build | Farm |
| 19:01 | Build | Farm |
| 19:01 | Build | Farm |
| 19:01 | Build | Farm |
| 19:02 | Build | Farm |
| 19:03 | Build | Farm |
| 19:05 | Create | Villager (Male) |
| 19:05 | Create | Villager (Male) |
| 19:12 | Create | Monk |
| 19:41 | Create | Villager (Male) |
| 19:41 | Create | Villager (Male) |
| 20:05 | Create | Villager (Male) |
| 20:05 | Create | Villager (Male) |
| 20:06 | Create | Villager (Male) |
| 20:06 | Create | Villager (Male) |
| 20:18 | Build | Town Center |
| 20:20 | Build | Farm |
| 20:22 | Build | Farm |
| 20:32 | Research | Gold Mining |
| 20:33 | Create | Villager (Male) |
| 20:33 | Create | Villager (Male) |
| 20:33 | Create | Villager (Male) |
| 20:55 | Create | Villager (Male) |
| 20:55 | Create | Villager (Male) |
| 20:56 | Create | Villager (Male) |
| 21:00 | Build | House |
| 21:03 | Build | Farm |
| 21:11 | Create | Villager (Male) |
| 21:12 | Create | Villager (Male) |
| 21:12 | Create | Villager (Male) |
| 21:29 | Create | Villager (Male) |
| 21:30 | Create | Villager (Male) |
| 21:30 | Create | Villager (Male) |
| 21:39 | Build | Barracks |
| 21:48 | Create | Villager (Male) |
| 21:48 | Create | Villager (Male) |
| 21:52 | Research | Heavy Plow |
| 21:59 | Create | Villager (Male) |
| 21:59 | Create | Villager (Male) |
| 21:59 | Create | Villager (Male) |
| 22:00 | Create | Villager (Male) |
| 22:06 | Build | Mining Camp |
| 22:20 | Build | Lumber Camp |
| 22:22 | Create | Villager (Male) |
| 22:22 | Create | Villager (Male) |
| 22:22 | Create | Villager (Male) |
| 22:22 | Create | Villager (Male) |
| 22:27 | Build | Archery Range |
| 22:53 | Create | Villager (Male) |
| 22:53 | Create | Villager (Male) |
| 22:56 | Research | Fletching |
| 23:00 | Build | Archery Range |
| 23:04 | Build | House |
| 23:05 | Build | House |
| 23:07 | Build | House |
| 23:08 | Build | House |
| 23:09 | Build | House |
| 23:19 | Research | Loom |
| 23:23 | Research | Hand Cart |
| 23:24 | Create | Villager (Male) |
| 23:25 | Create | Villager (Male) |
| 23:25 | Create | Villager (Male) |
Build order — FtXccC
First 150 of 774 actions detected
| 0:01 | Create | Villager (Male) |
| 0:01 | Create | Villager (Male) |
| 0:02 | Create | Villager (Male) |
| 0:02 | Create | Villager (Male) |
| 0:03 | Build | House |
| 0:04 | Build | House |
| 1:49 | Create | Villager (Male) |
| 1:49 | Create | Villager (Male) |
| 2:04 | Create | Villager (Male) |
| 2:04 | Create | Villager (Male) |
| 2:04 | Create | Villager (Male) |
| 2:55 | Create | Villager (Male) |
| 2:55 | Create | Villager (Male) |
| 2:55 | Create | Villager (Male) |
| 2:56 | Create | Villager (Male) |
| 3:48 | Build | House |
| 3:49 | Build | House |
| 3:57 | Create | Villager (Male) |
| 3:57 | Create | Villager (Male) |
| 3:57 | Create | Villager (Male) |
| 3:57 | Create | Villager (Male) |
| 3:57 | Create | Villager (Male) |
| 4:19 | Create | Villager (Male) |
| 4:19 | Create | Villager (Male) |
| 4:20 | Create | Villager (Male) |
| 4:57 | Create | Villager (Male) |
| 4:57 | Create | Villager (Male) |
| 4:57 | Create | Villager (Male) |
| 5:30 | Create | Villager (Male) |
| 5:30 | Create | Villager (Male) |
| 5:30 | Create | Villager (Male) |
| 5:31 | Create | Villager (Male) |
| 6:32 | Build | Mill |
| 7:20 | Create | Villager (Male) |
| 7:21 | Create | Villager (Male) |
| 7:21 | Create | Villager (Male) |
| 7:26 | Build | Mule Cart |
| 8:03 | Create | Villager (Male) |
| 8:04 | Research | Feudal Age |
| 9:44 | Build | House |
| 9:51 | Create | Villager (Male) |
| 9:51 | Create | Villager (Male) |
| 10:51 | Build | Farm |
| 10:51 | Build | Farm |
| 10:53 | Build | Farm |
| 10:57 | Build | Farm |
| 10:59 | Build | Farm |
| 11:10 | Age | Feudal Age |
| 11:20 | Build | Market |
| 11:44 | Build | Blacksmith |
| 11:48 | Build | Farm |
| 12:11 | Research | Loom |
| 12:34 | Research | Castle Age |
| 13:32 | Research | Double-Bit Axe |
| 13:34 | Research | Horse Collar |
| 14:22 | Build | Farm |
| 14:24 | Build | Farm |
| 14:25 | Create | Villager (Male) |
| 14:26 | Create | Villager (Male) |
| 14:54 | Build | Mule Cart |
| 15:13 | Age | Castle Age |
| 15:22 | Build | Town Center |
| 15:27 | Create | Villager (Male) |
| 16:04 | Build | House |
| 16:10 | Research | Bow Saw |
| 16:39 | Create | Villager (Male) |
| 16:40 | Create | Villager (Male) |
| 16:50 | Build | Monastery |
| 17:20 | Create | Villager (Male) |
| 17:20 | Create | Villager (Male) |
| 17:21 | Create | Villager (Male) |
| 17:41 | Create | Villager (Male) |
| 17:51 | Create | Monk |
| 18:01 | Create | Villager (Male) |
| 18:02 | Create | Villager (Male) |
| 18:10 | Build | Town Center |
| 18:56 | Build | Barracks |
| 19:00 | Create | Villager (Male) |
| 19:01 | Create | Villager (Male) |
| 19:01 | Create | Villager (Male) |
| 19:01 | Create | Villager (Male) |
| 19:01 | Create | Villager (Male) |
| 19:02 | Create | Villager (Male) |
| 19:04 | Build | Farm |
| 19:04 | Build | Farm |
| 19:04 | Build | Farm |
| 19:04 | Build | Farm |
| 19:05 | Build | Farm |
| 19:05 | Build | Farm |
| 19:05 | Build | Farm |
| 19:36 | Create | Monk |
| 19:42 | Build | House |
| 19:44 | Build | House |
| 20:06 | Create | Spearman |
| 20:20 | Create | Villager (Male) |
| 20:20 | Create | Villager (Male) |
| 20:21 | Create | Villager (Male) |
| 20:21 | Create | Villager (Male) |
| 20:21 | Create | Villager (Male) |
| 20:22 | Create | Villager (Male) |
| 20:22 | Create | Villager (Male) |
| 20:22 | Create | Villager (Male) |
| 20:23 | Build | Farm |
| 20:24 | Build | Farm |
| 20:24 | Build | Farm |
| 20:24 | Build | Farm |
| 20:24 | Build | Farm |
| 20:25 | Build | Farm |
| 20:25 | Build | Farm |
| 20:25 | Build | Farm |
| 20:29 | Create | Villager (Male) |
| 20:30 | Create | Villager (Male) |
| 20:30 | Create | Villager (Male) |
| 20:53 | Create | Spearman |
| 21:00 | Create | Monk |
| 21:01 | Create | Villager (Male) |
| 21:01 | Create | Villager (Male) |
| 21:25 | Build | Monastery |
| 21:32 | Create | Villager (Male) |
| 21:32 | Create | Villager (Male) |
| 21:36 | Build | Farm |
| 21:40 | Create | Villager (Male) |
| 21:46 | Build | House |
| 21:48 | Build | House |
| 21:49 | Build | House |
| 21:58 | Research | Town Watch |
| 22:06 | Research | Wheelbarrow |
| 22:45 | Create | Monk |
| 22:46 | Create | Villager (Male) |
| 22:46 | Create | Villager (Male) |
| 22:46 | Create | Villager (Male) |
| 22:47 | Create | Villager (Male) |
| 22:47 | Create | Villager (Male) |
| 22:47 | Create | Villager (Male) |
| 22:47 | Create | Villager (Male) |
| 23:01 | Build | Farm |
| 23:01 | Build | Farm |
| 23:01 | Build | Farm |
| 23:02 | Build | Farm |
| 23:02 | Build | Farm |
| 23:02 | Build | Farm |
| 23:02 | Build | Farm |
| 23:16 | Research | Heavy Plow |
| 23:17 | Research | Heavy Plow |
| 24:38 | Build | Farm |
| 24:52 | Build | Market |
| 24:54 | Build | Market |
| 24:59 | Create | Villager (Male) |
| 24:59 | Create | Villager (Male) |
| 24:59 | Create | Villager (Male) |
Build order — J.Motamid
First 150 of 506 actions detected
| 0:04 | Build | House |
| 0:06 | Build | House |
| 0:09 | Create | Villager (Male) |
| 0:10 | Create | Villager (Male) |
| 0:10 | Create | Villager (Male) |
| 0:10 | Create | Villager (Male) |
| 0:11 | Create | Villager (Male) |
| 1:34 | Create | Villager (Male) |
| 1:57 | Build | Lumber Camp |
| 2:09 | Create | Villager (Male) |
| 2:16 | Create | Villager (Male) |
| 2:45 | Create | Villager (Male) |
| 2:45 | Create | Villager (Male) |
| 3:23 | Create | Villager (Male) |
| 3:48 | Build | House |
| 3:56 | Create | Villager (Male) |
| 3:56 | Create | Villager (Male) |
| 4:08 | Build | House |
| 4:13 | Create | Villager (Male) |
| 4:37 | Build | House |
| 4:42 | Create | Villager (Male) |
| 4:43 | Create | Villager (Male) |
| 5:05 | Create | Villager (Male) |
| 5:36 | Create | Villager (Male) |
| 5:36 | Create | Villager (Male) |
| 5:58 | Build | Mill |
| 6:01 | Create | Villager (Male) |
| 6:10 | Create | Villager (Male) |
| 6:10 | Create | Villager (Male) |
| 6:50 | Create | Villager (Male) |
| 6:50 | Create | Villager (Male) |
| 6:51 | Create | Villager (Male) |
| 6:51 | Create | Villager (Male) |
| 7:10 | Build | Mining Camp |
| 8:40 | Research | Feudal Age |
| 8:40 | Research | Feudal Age |
| 10:05 | Build | Farm |
| 10:17 | Create | Villager (Male) |
| 10:17 | Create | Villager (Male) |
| 11:06 | Age | Feudal Age |
| 11:08 | Build | Blacksmith |
| 11:11 | Build | Market |
| 11:43 | Build | Lumber Camp |
| 12:01 | Research | Castle Age |
| 12:05 | Build | Farm |
| 12:37 | Research | Double-Bit Axe |
| 12:37 | Research | Double-Bit Axe |
| 13:06 | Build | Farm |
| 13:12 | Research | Horse Collar |
| 14:02 | Create | Villager (Male) |
| 14:02 | Create | Villager (Male) |
| 14:41 | Age | Castle Age |
| 14:42 | Research | Bow Saw |
| 14:45 | Build | Town Center |
| 14:59 | Build | Farm |
| 15:04 | Create | Villager (Male) |
| 15:19 | Build | Farm |
| 15:28 | Create | Villager (Male) |
| 15:36 | Build | Town Center |
| 15:41 | Create | Villager (Male) |
| 16:08 | Build | Farm |
| 16:12 | Build | Farm |
| 16:23 | Create | Villager (Male) |
| 16:30 | Build | House |
| 16:40 | Research | Wheelbarrow |
| 16:55 | Build | Farm |
| 16:58 | Build | Farm |
| 17:02 | Create | Villager (Male) |
| 17:17 | Create | Villager (Male) |
| 17:17 | Create | Villager (Male) |
| 17:17 | Create | Villager (Male) |
| 17:29 | Build | Town Center |
| 17:40 | Build | Farm |
| 17:40 | Build | Farm |
| 17:41 | Build | Farm |
| 17:41 | Build | Farm |
| 17:41 | Build | Farm |
| 17:41 | Build | Farm |
| 17:47 | Create | Villager (Male) ×2 |
| 18:01 | Create | Villager (Male) |
| 18:10 | Build | House |
| 18:11 | Build | House |
| 18:24 | Create | Villager (Male) |
| 18:24 | Create | Villager (Male) |
| 18:31 | Create | Villager (Male) |
| 18:33 | Build | Farm |
| 18:34 | Build | Farm |
| 18:34 | Build | Farm |
| 18:34 | Build | Farm |
| 18:50 | Create | Villager (Male) |
| 19:00 | Create | Villager (Male) |
| 19:06 | Create | Villager (Male) |
| 19:06 | Create | Villager (Male) |
| 19:14 | Build | Farm |
| 19:17 | Build | Farm |
| 19:20 | Build | Farm |
| 19:26 | Build | Farm |
| 19:28 | Create | Villager (Male) |
| 19:31 | Build | Farm |
| 19:35 | Create | Villager (Male) |
| 19:35 | Create | Villager (Male) |
| 19:38 | Create | Villager (Male) |
| 19:38 | Create | Villager (Male) |
| 19:41 | Build | House |
| 19:42 | Build | House |
| 19:49 | Create | Villager (Male) |
| 19:59 | Build | Farm |
| 20:03 | Create | Villager (Male) |
| 20:11 | Create | Villager (Male) |
| 20:15 | Create | Villager (Male) |
| 20:19 | Build | Farm |
| 20:22 | Build | Farm |
| 20:23 | Create | Villager (Male) |
| 20:28 | Build | Farm |
| 20:29 | Build | Farm |
| 20:30 | Create | Villager (Male) |
| 20:38 | Create | Villager (Male) |
| 20:49 | Create | Villager (Male) |
| 20:49 | Create | Villager (Male) |
| 20:50 | Create | Villager (Male) |
| 20:54 | Build | Farm |
| 20:55 | Build | Farm |
| 20:55 | Build | Farm |
| 20:55 | Build | Farm |
| 21:04 | Research | Heavy Plow |
| 21:04 | Research | Heavy Plow |
| 21:15 | Build | House |
| 21:15 | Build | House |
| 21:19 | Create | Villager (Male) ×2 |
| 21:22 | Build | House |
| 21:22 | Build | House |
| 21:25 | Create | Villager (Male) |
| 21:25 | Create | Villager (Male) |
| 21:28 | Create | Villager (Male) ×2 |
| 21:36 | Build | Market |
| 21:39 | Create | Villager (Male) |
| 21:39 | Create | Villager (Male) |
| 21:45 | Create | Villager (Male) |
| 21:52 | Create | Villager (Male) |
| 21:53 | Create | Villager (Male) |
| 22:00 | Build | Barracks |
| 22:01 | Create | Villager (Male) |
| 22:02 | Create | Villager (Male) |
| 22:17 | Build | Castle |
| 22:18 | Create | Villager (Male) ×3 |
| 22:22 | Build | Farm |
| 22:25 | Build | Farm |
| 22:25 | Build | Farm |
| 22:25 | Build | Farm |
| 22:26 | Build | Farm |
Match timeline
| 2:35 | dandan · wall_segment Palisade Wall x7 |
| 2:37 | dandan · wall_segment Palisade Wall x13 |
| 2:41 | dandan · wall_segment Palisade Wall x5 |
| 2:42 | dandan · wall_segment Palisade Wall x5 |
| 3:45 | dandan · wall_segment Palisade Wall x6 |
| 3:50 | dandan · wall_segment Palisade Wall x4 |
| 4:11 | dandan · wall_segment Palisade Wall x2 |
| 4:21 | 晨曦j · wall_segment Palisade Wall x27 |
| 8:26 | 晨曦j · wall_segment Palisade Wall x1 |
| 9:54 | 魏武王曹操 · first_building Barracks |
| 10:07 | toshitoshi0622 · age_up feudal |
| 11:06 | J.Motamid · age_up feudal |
| 11:10 | FtXccC · age_up feudal |
| 11:17 | 魏武王曹操 · age_up feudal |
| 11:27 | 魏武王曹操 · first_building Archery Range |
| 11:31 | yake0213 · age_up feudal |
| 11:56 | 晨曦j · age_up feudal |
| 11:59 | UHU_junkie · first_building Barracks |
| 12:00 | J.Motamid · first_market_sell 100 wood |
| 12:18 | 晨曦j · wall_segment Stone Wall x31 |
| 12:35 | dandan · age_up feudal |
| 13:15 | UHU_junkie · age_up feudal |
| 13:48 | toshitoshi0622 · age_up castle |
| 14:00 | toshitoshi0622 · first_building Monastery |
| 14:09 | UHU_junkie · first_building Stable |
| 14:41 | J.Motamid · age_up castle |
| 14:42 | dandan · wall_segment Stone Wall x3 |
| 14:43 | dandan · wall_segment Stone Wall x6 |
| 14:44 | dandan · wall_segment Stone Wall x1 |
| 14:58 | dandan · wall_segment Stone Wall x4 |
| 14:59 | dandan · wall_segment Stone Wall x3 |
| 15:02 | dandan · wall_segment Stone Wall x6 |
| 15:13 | FtXccC · age_up castle |
| 15:37 | 魏武王曹操 · age_up castle |
| 15:42 | yake0213 · age_up castle |
| 15:42 | 晨曦j · age_up castle |
| 16:04 | 晨曦j · first_market_buy 100 wood |
| 16:50 | FtXccC · first_building Monastery |
| 17:46 | dandan · age_up castle |
| 17:57 | toshitoshi0622 · first_market_buy 100 food |
| 18:01 | dandan · first_market_buy 100 stone |
| 18:56 | FtXccC · first_building Barracks |
| 19:41 | dandan · first_building Monastery |
| 21:39 | toshitoshi0622 · first_building Barracks |
| 22:00 | J.Motamid · first_building Barracks |
| 22:17 | J.Motamid · first_building Castle |
| 22:27 | toshitoshi0622 · first_building Archery Range |
| 23:32 | 晨曦j · first_building Monastery |
| 23:44 | toshitoshi0622 · first_building Stable |
| 24:44 | J.Motamid · first_building Siege Workshop |
| 24:47 | yake0213 · first_building Castle |
| 24:57 | 晨曦j · first_building Castle |
| 25:43 | 魏武王曹操 · first_building Castle |
| 26:14 | 晨曦j · first_market_sell 500 food |
| 26:21 | UHU_junkie · age_up castle |
| 27:00 | J.Motamid · first_building Stable |
| 27:10 | yake0213 · first_building Siege Workshop |
| 27:25 | UHU_junkie · first_building Castle |
| 27:47 | UHU_junkie · first_market_buy 100 stone |
| 28:03 | dandan · first_building Barracks |
| 28:21 | 晨曦j · first_building Siege Workshop |
| 28:32 | 魏武王曹操 · first_building Siege Workshop |
| 29:07 | 晨曦j · first_building Barracks |
| 29:35 | 晨曦j · age_up imperial |
| 29:45 | toshitoshi0622 · first_building Castle |
| 29:53 | yake0213 · first_building Barracks |
| 30:20 | J.Motamid · age_up imperial |
| 30:29 | yake0213 · age_up imperial |
| 31:09 | FtXccC · first_building Siege Workshop |
| 31:43 | yake0213 · first_building Archery Range |
| 31:45 | 魏武王曹操 · age_up imperial |
| 31:46 | dandan · age_up imperial |
| 31:47 | toshitoshi0622 · age_up imperial |
| 31:49 | yake0213 · first_building Stable |
| 32:19 | J.Motamid · first_building Monastery |
| 33:17 | FtXccC · age_up imperial |
| 33:52 | dandan · first_building Castle |
| 34:01 | toshitoshi0622 · first_building Siege Workshop |
| 35:00 | FtXccC · first_market_buy 100 wood |
| 35:04 | 魏武王曹操 · first_building Stable |
| 36:51 | FtXccC · first_building Castle |
| 37:31 | J.Motamid · wall_segment Stone Wall x25 |
| 41:33 | UHU_junkie · first_building Siege Workshop |
| 42:05 | dandan · first_building Siege Workshop |
| 42:21 | UHU_junkie · age_up imperial |
| 43:01 | J.Motamid · wall_segment Stone Wall x15 |
| 43:13 | FtXccC · first_building Stable |
| 43:51 | FtXccC · first_market_sell 100 food |
| 45:07 | 魏武王曹操 · first_market_sell 100 wood |
| 50:03 | yake0213 · first_market_sell 500 wood |
| 52:56 | toshitoshi0622 · first_market_sell 100 wood |
| 56:00 | dandan · wall_segment Stone Wall x1 |
| 56:02 | dandan · wall_segment Stone Wall x1 |
| 56:23 | dandan · wall_segment Stone Wall x1 |
| 56:25 | dandan · wall_segment Stone Wall x1 |
| 56:31 | dandan · wall_segment Stone Wall x1 |
| 56:51 | J.Motamid · first_building Archery Range |
| 61:06 | dandan · resign |
[ AI ANALYSIS · 1 CREDIT ]
What really happened in this match?
Wolo.gg analyzes every decision: build order, eco, micro, common mistakes by bracket. Personalized analysis on WhatsApp or Discord in 30 seconds.
Civ guide
Spanish
Perfil
Jugador #63763